AoeStats
← Mr. Stone

Arabia

505284355Analyzed
1v1 RM · 23d ago on Sep 8, 2026· 42m 18s· 2 players
Game mode
Random Map
Map size
Tiny (2 player)
Population
200
Speed
Normal
Resources
Standard
Victory
Conquest
Starting age
Dark Age
Ending age
Imperial Age
RankedLock teamsTeams togetherTeam positionsShared explorationLock speedFull tech treeHidden civsTurbo modeCheats
Victory
Defeat
🇨🇭 Mongols · Switzerland
810
+14
🇦🇷 Portuguese · Argentina
758
-14
Mr. Stone
3:42 Loom
11:41 Feudal Age
17:02 Castle Age
15:19 Double-Bit Axe
15:16 Horse Collar
19:41 Forging
25:49 Gold Mining
25:50 Stone Mining
30:47 Iron Casting
30:03 Fletching
31:04 Wheelbarrow
30:58 Ballistics
32:21 Bloodlines
32:11 Bodkin Arrow
34:47 Padded Archer Armor
34:54 Scale Barding Armor
35:07 Bow Saw
35:52 Heavy Plow
36:40 Elite Skirmisher
40:42 Imperial Age
38:35 Hand Cart
40:06 Leather Archer Armor
diegolalms
7:13 Loom
10:16 Feudal Age
10:55 Double-Bit Axe
11:10 Man-at-Arms
15:55 Fletching
21:23 Castle Age
20:33 Scale Mail Armor
21:36 Padded Archer Armor
21:47 Forging
24:10 Leather Archer Armor
25:43 Pikeman
29:49 Wheelbarrow
29:55 Wheelbarrow
29:43 Crossbowman
34:45 Gold Mining
34:39 Horse Collar
35:12 Bow Saw
36:00 Bodkin Arrow
36:33 Hand Cart
39:16 Thumb Ring
41:59 Imperial Age
39:51 Elite Skirmisher
40:53 Chain Mail Armor
41:13 Iron Casting
Connection lost

Rejoining the realm…

Still unreachable

The connection could not be restored.

Session expired

The server has moved on; the page needs a fresh start.